 Dungeon Crawl Stone Soup version 0.24-a0-459-g225fefd530 (webtiles) character file.

Game seed: 8509897041060396270

1983 vurker the Arsonist (level 9, 0/52 HPs)
             Began as a Deep Elf Fire Elementalist on June 28, 2019.
             Killed by nerve-wracking pain
             ... invoked by Menkaure
              (5 damage)
             ... on level 6 of the Dungeon.
             The game lasted 00:18:40 (8644 turns).

vurker the Arsonist (Deep Elf Fire Elementalist)    Turns: 8644, Time: 00:18:41

Health: 0/52       AC:  5    Str:  5    XL:     9   Next: 1%
Magic:  0/21       EV: 13    Int: 24    God:
Gold:   290        SH:  0    Dex: 15    Spells: 6/21 levels left

rFire    . . .     SeeInvis .   s - +1 dagger (elec)
rCold    . . .     Gourm    .   (no shield)
rNeg     . . .     Faith    .   h - +1 robe
rPois    .         Spirit   .   (no helmet)
rElec    .         Reflect  .   (no cloak)
rCorr    .         Harm     .   o - +1 pair of gloves
MR       .....                  (no boots)
Stlth    ++........             (no amulet)
HPRegen  0.17/turn              (no ring)
MPRegen  0.17/turn              (no ring)

@: no status effects
A: no striking features
a: no special abilities


You were on level 6 of the Dungeon.
You were not hungry.

You visited 1 branch of the dungeon, and saw 6 of its levels.

You collected 290 gold pieces.

Inventory:

Hand Weapons
 s - a +1 dagger of electrocution (weapon)
   (You took it off an orc wizard on level 4 of the Dungeon)
Armour
 h - a +1 robe (worn)
   (You took it off Sigmund on level 5 of the Dungeon)
 i - a +1 shield of resistance
   (You took it off an orc priest on level 3 of the Dungeon)
 o - a +1 pair of gloves (worn)
   (You found it on level 3 of the Dungeon)
Wands
 c - a wand of disintegration (3)
   (You found it on level 5 of the Dungeon)
 t - a wand of flame (33)
   (You took it off Ijyb on level 3 of the Dungeon)
Scrolls
 d - a scroll of amnesia
 f - a scroll of blinking
 g - 3 scrolls of teleportation {@r4}
 m - a scroll of remove curse {@r2}
 n - 6 scrolls of identify {@r1}
Potions
 a - a potion of cancellation {unknown}
 b - a potion of lignification {!q}
 j - a potion of berserk rage {unknown}
 k - a potion of haste {@q3}
 l - a potion of heal wounds {unknown}
 q - a potion of degeneration {unknown}
Comestibles
 e - 2 rations {!d}


   Skills:
 + Level 3.8 Fighting
 - Level 2.4 Dodging
 - Level 2.4 Stealth
 + Level 6.8 Spellcasting
 * Level 7.5 Conjurations
 * Level 8.1 Fire Magic


You had 6 spell levels left.
You knew the following spells:

 Your Spells              Type           Power        Failure   Level  Hunger
a - Flame Tongue          Conj/Fire      #####        1%          1    None
b - Throw Flame           Conj/Fire      #####.       1%          2    None
q - Sticky Flame          Conj/Fire      #####...     3%          4    ###....
x - Conjure Flame         Conj/Fire      #####...     1%          3    None
z - Fireball              Conj/Fire      #####.....   9%          5    #####..

Your spell library contained the following spells:

 Spells                   Type           Power        Failure   Level  Hunger
 Inner Flame              Hex/Fire       ####....     4%          3    None


Dungeon Overview and Level Annotations

Branches:
Dungeon (6/15)
 Temple: D:4-7

Altars:
Cheibriados
Dithmenos
Elyvilon
Gozag
Kikubaaqudgha
Makhleb
Nemelex Xobeh
Sif Muna
Trog
Uskayaw
Wu Jian
The Shining One

Shops:
D:4 (   D:5 =

Annotations:
D:6 Menkaure


Message History

Aim: Menkaure (heavily damaged)
The flame tongue hits Menkaure!
Menkaure is burned terribly!
Menkaure casts a spell.
Menkaure seems to speed up.
Aim: Menkaure (almost destroyed, fast)
The flame tongue hits Menkaure.
Menkaure is burned terribly!
An ogre comes into view. It is wielding a +0 giant spiked club.
Menkaure calls on the powers of darkness!
Something is bathed in an unholy light!
The orc warrior convulses!
The ogre convulses!
Your body is wracked with pain!
Aim: Menkaure (almost destroyed, fast)
The flame tongue hits the orc warrior.
Aim: an orc warrior, wielding a -2 battleaxe and wearing a +0 chain mail (heavily wounded)
The flame tongue hits the orc warrior.
Aim: an orc warrior, wielding a -2 battleaxe and wearing a +0 chain mail (heavily wounded)
The flame tongue hits the orc warrior!
The orc warrior hits you with a cursed -2 battleaxe!
* * * LOW HITPOINT WARNING * * *
Aim: an orc warrior, wielding a -2 battleaxe and wearing a +0 chain mail (almost dead)
The sticky flame hits the orc warrior but does no damage.
The orc warrior is covered in liquid flames!
The orc warrior burns!
The orc warrior hits you but does no damage.
All of the chunks of flesh in your inventory have rotted away.
Aim: an orc warrior, wielding a -2 battleaxe and wearing a +0 chain mail (almost dead, covered in liquid flames)
The sticky flame hits the orc warrior.
You kill the orc warrior!
You have reached level 9!
Your experience leads to an increase in your attributes!
Increase (S)trength, (I)ntelligence, or (D)exterity?
You feel clever.
Menkaure calls on the powers of darkness!
The ogre convulses!
The orc convulses!
Your body is wracked with pain!
* * * LOW HITPOINT WARNING * * *
Aim: an ogre, wielding a +0 giant spiked club (severely wounded)
Okay, then.
The orc barely misses you.
Menkaure calls on the powers of darkness!
The ogre convulses!
The orc convulses!
Your body is wracked with pain!
* * * LOW HITPOINT WARNING * * *
Aim: an orc, wearing a +0 leather armour (severely wounded)
The sticky flame hits the orc.
You kill the orc!
Menkaure breathes soot at you.
Aim: an ogre, wielding a +0 giant spiked club (severely wounded)
The sticky flame hits the ogre!
You kill the ogre!
Menkaure points at you and mumbles some strange words.
Pain shoots through your body!
You die...

#.>..#.# ..... ##..##.#
...... #.###.##...... ###
#.#)...... #.M# ####..#
##..#..# ##....).#
##.....@.## #.........##
##..........##
##............#
########....(........# ###
....................## ####.#
...................#####....#
#######............##.......#
#..........###........##


You could see Menkaure.

Vanquished Creatures
  Grinder (D:3)
  Sigmund (D:5)
  3 ice beasts
  An orc warrior (D:6)
  2 ogres (D:6)
  A phantom (D:6)
  Blork the orc (D:5)
  3 bullfrogs (D:6)
  3 scorpions
  A howler monkey (D:5)
  A bullfrog zombie (D:6)
  A crimson imp (D:6)
  4 orc priests
  A hound (D:4)
  2 orc wizards (D:4)
  An iguana (D:4)
  Ijyb (D:3)
  Natasha (thrice) (D:4)
  2 worker ants
  14 adders
  2 oozes
  An adder zombie (D:5)
  3 worms (D:2)
  A dart slug (D:2)
  3 leopard geckos
  10 orcs
  6 bats
  6 giant cockroaches
  8 goblins
  6 hobgoblins
  6 jackals
  3 quokkas
  A ball python (D:3)
  11 frilled lizards
  11 kobolds
  3 leopard gecko skeletons
  10 rats
138 creatures vanquished.

Notes
Turn   | Place    | Note
-------+----------+-------------------------------------------
     0 | D:1      | vurker the Deep Elf Fire Elementalist began the quest for
                  | the Orb.
     0 | D:1      | Reached XP level 1. HP: 10/10 MP: 6/6
   475 | D:1      | Reached XP level 2. HP: 15/15 MP: 2/8
   531 | D:1      | Learned a level 2 spell: Throw Flame
  1019 | D:2      | Reached XP level 3. HP: 15/20 MP: 2/9
  1692 | D:2      | Reached skill level 4 in Fire Magic
  1779 | D:2      | Reached skill level 1 in Fighting
  1906 | D:2      | Reached XP level 4. HP: 25/25 MP: 5/11
  1994 | D:2      | Learned a level 3 spell: Conjure Flame
  1999 | D:2      | Learned a level 4 spell: Sticky Flame
  2402 | D:2      | Found a glowing golden altar of the Shining One.
  2603 | D:3      | Found a deep blue altar of Sif Muna.
  2604 | D:3      | Found a burning altar of Makhleb.
  2678 | D:3      | Found a shadowy altar of Dithmenos.
  2681 | D:3      | Noticed Grinder
  2983 | D:3      | Reached XP level 5. HP: 12/29 MP: 0/12
  3374 | D:3      | Found a snail-covered altar of Cheibriados.
  3391 | D:3      | Found a glowing golden altar of the Shining One.
  3391 | D:3      | Found a white marble altar of Elyvilon.
  3455 | D:3      | Noticed Ijyb
  3906 | D:3      | Killed Grinder
  3906 | D:3      | Reached skill level 5 in Fire Magic
  3906 | D:3      | Reached XP level 6. HP: 22/35 MP: 2/14
  4075 | D:3      | Found an opulent altar of Gozag.
  4076 | D:3      | Found a sparkling altar of Nemelex Xobeh.
  4190 | D:3      | Killed Ijyb
  4690 | D:4      | Noticed Natasha
  4692 | D:4      | Killed Natasha
  4696 | D:4      | Noticed Natasha
  4702 | D:4      | Killed Natasha
  4702 | D:4      | Reached XP level 7. HP: 33/40 MP: 1/16
  5245 | D:4      | Noticed Natasha
  5249 | D:4      | Killed Natasha
  5249 | D:4      | Reached skill level 5 in Spellcasting
  5393 | D:4      | Reached skill level 5 in Conjurations
  5705 | D:3      | Reached skill level 6 in Fire Magic
  5849 | D:4      | Found Kaus Jev's Weapon Emporium.
  6187 | D:4      | Found an ancient bone altar of Kikubaaqudgha.
  6452 | D:5      | Entered Level 5 of the Dungeon
  6503 | D:5      | Noticed Sigmund
  6509 | D:5      | Killed Sigmund
  6509 | D:5      | Reached XP level 8. HP: 20/45 MP: 8/18
  6937 | D:5      | Found a hide-covered altar of Uskayaw.
  6999 | D:5      | Noticed Blork the orc
  7006 | D:5      | Killed Blork the orc
  7434 | D:5      | Reached skill level 7 in Fire Magic
  7497 | D:5      | Found an ornate altar of the Wu Jian Council.
  7501 | D:5      | Found a bloodstained altar of Trog.
  7737 | D:5      | Found Erimed's Jewellery Boutique.
  8122 | D:6      | Learned a level 5 spell: Fireball
  8347 | D:6      | Reached skill level 8 in Fire Magic
  8630 | D:6      | Noticed Menkaure
  8638 | D:6      | Reached XP level 9. HP: 11/52 MP: 7/21
  8644 | D:6      | Killed from afar by Menkaure

Levels and vault maps discovered:
D:1:      eino_arrival_druids_welcome, layout_basic
D:2:      minmay_general_purpose_star, layout_basic, tso_altar
D:3:      layout_basic, grunt_temple_overflow_opulence,
          grunt_temple_overflow_open,
          chequers_temple_overflow_statue_of_worship, st_stairs_10,
          uniq_grinder, uniq_ijyb
D:4:      layout_loops_ring, marbit_many_paths, serial_shops, shop,
          first_ration, uniq_natasha
D:5:      layout_basic, kennysheep_little_box, nicolae_overflow_hidden_temple,
          serial_shops, nicolae_shop_behind_doors, uniq_sigmund,
          uniq_blork_the_orc
D:6:      layout_cave_pods, uniq_menkaure, uniq_edmund, uniq_eustachio

Skill      XL: |  1  2  3  4  5  6  7  8 |
---------------+-------------------------+-----
Conjurations   | 2 3 4 5 7 |  7.5
Fire Magic     | 4 5 6 8 |  8.1
Fighting       | 1 2 3 |  3.8
Spellcasting   | 4 5 6 |  6.8
Dodging        | |  2.4
Stealth        | |  2.4

Action                   |  1- 3 |  4- 6 |  7- 9 || total
-------------------------+-------+-------+-------++-------
Melee: Dagger            |     6 |    11 |     7 ||    24
 Cast: Flame Tongue      |    65 |    89 |    87 ||   241
       Throw Flame       |     4 |    19 |    62 ||    85
       Sticky Flame      |       |     3 |    11 ||    14
       Conjure Flame     |       |     1 |     2 ||     3
  Use: Potion            |       |     3 |       ||     3
       Scroll            |       |       |    11 ||    11
  Eat: Chunk             |     3 |     9 |     4 ||    16
       Ration            |       |       |     3 ||     3
Armor: Robe              |     2 |     2 |     5 ||     9
Dodge: Dodged            |    20 |    40 |    43 ||   103

Table legend:
 A = Non-vault XP
 B = Vault XP
 C = Vault XP percentage of total XP
 D = Non-vault monster count
 E = Vault monster count
 F = Vault count percentage of total count
                 A         B        C        D         E       F
            +---------+---------+-------+---------+---------+-------
      Total |    2150 |     683 |  24.1 |     127 |      11 |   8.0
            +---------+---------+-------+---------+---------+-------
        D:1 |      37 |       0 |   0.0 |      21 |       0 |   0.0
        D:2 |     123 |       5 |   3.9 |      29 |       3 |   9.4
        D:3 |     170 |     316 |  65.0 |      30 |       4 |  11.8
        D:4 |     474 |      46 |   8.8 |      23 |       2 |   8.0
        D:5 |     348 |     316 |  47.6 |       7 |       2 |  22.2
        D:6 |     998 |       0 |   0.0 |      17 |       0 |   0.0
            +---------+---------+-------+---------+---------+-------
